 Dungeon Crawl Stone Soup version 0.21.1-1-g345015f (webtiles) character file.

5611 vatarom the Nimble (level 10, -3/94 HPs)
             Began as a Troll Monk on Mar 24, 2018.
             Was an Elder of Wu Jian.
             Slain by Erica
             ... wielding a +0 scimitar of flaming
              (16 damage)
             ... on level 9 of the Dungeon.
             The game lasted 00:16:58 (7634 turns).

vatarom the Nimble (Troll Monk)                     Turns: 7634, Time: 00:16:59

Health: -3/94      AC:  5    Str: 21    XL:     10   Next: 45%
Magic:  9/9        EV: 21    Int:  9    God:    Wu Jian [****..]
Gold:   534        SH:  0    Dex: 17    Spells: 9/9 levels left

rFire    . . .     SeeInvis .     - Unarmed
rCold    . . .     Gourm    +   (no shield)
rNeg     + . .     Faith    +   a - +0 robe
rPois    .         Spirit   .   (helmet restricted)
rElec    .         Reflect  .   (no cloak)
rCorr    .         Harm     .   (gloves unavailable)
MR       .....                  (boots unavailable)
Stlth    +++.......             d - amulet of faith
HPRegen  0.65/turn              w - +3 ring of slaying
MPRegen  0.11/turn              i - ring of positive energy

@: agile, slowed, very slow
A: large, unfitting armour, claws 3, fast metabolism 3, gourmand, regeneration
1, shaggy fur 1, tough skin 2
a: Wall Jump, Serpent's Lash, Renounce Religion


You were on level 9 of the Dungeon.
You worshipped Wu Jian.
Wu Jian was greatly pleased with you.
You were completely stuffed.

You visited 2 branches of the dungeon, and saw 11 of its levels.

You collected 534 gold pieces.

Inventory:

Missiles
 l - a throwing net (quivered)
Armour
 a - a +0 robe (worn)
Jewellery
 d - an amulet of faith (around neck)
 i - a ring of positive energy (right claw)
 r - an uncursed ring of flight
 w - a +3 ring of slaying (left claw)
 D - an uncursed ring of wizardry {unknown}
 F - a cursed ring of loudness {unknown}
Wands
 f - a wand of iceblast (12)
 m - a wand of acid (4)
 s - a wand of paralysis (30)
 t - a wand of polymorph (13)
 C - a wand of enslavement (17)
Scrolls
 e - 8 scrolls of remove curse
 j - 4 scrolls of amnesia
 k - a scroll of immolation
 p - 6 scrolls of teleportation
 q - a scroll of magic mapping
 u - a scroll of enchant armour
 y - a scroll of blinking
 G - a scroll of identify
Potions
 g - 3 potions of brilliance
 h - a potion of resistance
 n - 2 potions of might
 x - 2 potions of flight {unknown}
 z - a potion of magic {unknown}
Books
 o - a book of Changes

   Spells                             Type                      Level
   a - Beastly Appendage              Transmutation                1
   b - Sticks to Snakes               Transmutation                2
   c - Spider Form                    Transmutation/Poison         3
   d - Ice Form                       Ice/Transmutation            4
   e - Blade Hands                    Transmutation                5
 v - a book of Callings

   Spells                             Type                      Level
   a - Summon Small Mammal            Summoning                    1
   b - Call Imp                       Summoning                    2
   c - Call Canine Familiar           Summoning                    3
   d - Summon Guardian Golem          Hexes/Summoning              3
   e - Summon Lightning Spire         Summoning/Air                4
   f - Summon Ice Beast               Ice/Summoning                4
Comestibles
 b - 19 rations


   Skills:
 - Level 4.4 Fighting
 + Level 6.9 Throwing
 * Level 9.8 Dodging
 - Level 1.0 Stealth
 - Level 7.2 Unarmed Combat


You had 9 spell levels left.
You didn't know any spells.

Dungeon Overview and Level Annotations

Branches:
Dungeon (10/15)            Temple (1/1) D:6
   Lair: D:8-11         Orc: D:9-12

Altars:
Ashenzari
Cheibriados
Dithmenos
Elyvilon
Fedhas
Gozag
Hepliaklqana
Kikubaaqudgha
Makhleb
Nemelex Xobeh
Okawaru
Qazlal
Ru
Sif Muna
Trog
Uskayaw
Vehumet
Wu Jian
Xom
Yredelemnul
Zin
The Shining One

Annotations:
D:5 2 transporters
D:9 Erica


Innate Abilities, Weirdness & Mutations

You are too large for most types of armour.
You have claws for hands.
Your metabolism is lightning-fast.
You like to eat raw meat.
Your natural rate of healing is unusually fast.
You are covered in fur. (AC +1)
You have very tough skin. (AC +2)


Message History

You feel better.
You hear some strange, mumbled words.
A bolt of poison appears from out of thin air!
The bolt of poison misses you.
You feel better. Something completely misses you. Something hits you.
* * * LOW HITPOINT WARNING * * *
Something burns you.
* * * LOW HITPOINT WARNING * * *
Evoke which item? (* to show all) (? for menu, Esc to quit)
Aiming: Corrosive Bolt
Press: ? - help, Shift-Dir - straight line Something hits you.
* * * LOW HITPOINT WARNING * * *
Something burns you.
* * * LOW HITPOINT WARNING * * *
Evoke which item? (* to show all) (? for menu, Esc to quit)
Aiming: Corrosive Bolt
Press: ? - help, Shift-Dir - straight line Something hits you!
You die...

.#...# #.# #.........# ###### #.#
########+## ...# #.# ###...#
##.## #.# #...### ....# #.#
######.### ....# ###+##
#........# ....# #....#
#........# ....# #####..>.###
#........#
....###...'....'@####........#
....##..###....#.....>.......####
.......## #....######............
....#### #....# #........####
<...# #....# #####.#### ##.##
#....# #.## ##.# #....# #..# ...#
###'## ##.## .### ###.# #.(#


There were no monsters in sight!

Vanquished Creatures
  Joseph (D:8)
  A troll (D:9)
  Prince Ribbit (D:7)
  A wyvern (D:9)
  6 humans (D:8)
  3 orc warriors
  A black bear (D:9)
  4 necrophages
  2 ice beasts
  A sky beast (D:5)
  3 ogres
  A phantom (D:7)
  3 centaurs
  A big kobold (D:9)
  4 bullfrogs
  A wyvern zombie (D:8)
  2 scorpions (D:8)
  5 killer bees (D:7)
  4 howler monkeys
  A crimson imp (D:9)
  2 bullfrog zombies
  6 hounds
  A jelly (D:5)
  6 orc priests
  A gnoll shaman (D:5)
  2 iguanas
  A bullfrog skeleton (D:4)
  11 orc wizards
  6 worker ants
  A killer bee zombie (D:9)
  4 worker ant zombies
  11 gnolls
  8 adders
  2 oozes
  2 adder skeletons
  5 worms
  A dart slug (D:2)
  4 leopard geckos
  48 orcs
  4 giant cockroaches
  8 goblins
  10 hobgoblins
  11 jackals
  13 kobolds
  7 quokkas
  3 ball pythons
  6 bats
  5 frilled lizards
  A giant cockroach zombie (D:6)
  A quokka skeleton (D:4)
  10 rats
247 creatures vanquished.

Notes
Turn   | Place    | Note
-------+----------+-------------------------------------------
     0 | D:1      | vatarom the Troll Monk began the quest for the Orb.
     0 | D:1      | Reached XP level 1. HP: 22/22 MP: 0/0
    91 | D:1      | Reached XP level 2. HP: 29/29 MP: 1/1
   514 | D:1      | Reached XP level 3. HP: 35/36 MP: 2/2
   794 | D:2      | Reached XP level 4. HP: 40/44 MP: 3/3
   802 | D:2      | Found a burning altar of Makhleb.
   803 | D:2      | Found a radiant altar of Vehumet.
   832 | D:2      | Found a glowing silver altar of Zin.
   938 | D:2      | Reached skill level 3 in Dodging
  1216 | D:2      | Reached XP level 5. HP: 46/53 MP: 4/4
  1399 | D:3      | Reached skill level 5 in Unarmed Combat
  1516 | D:3      | Found a hazy altar of Hepliaklqana.
  1518 | D:3      | Found an iron altar of Okawaru.
  1802 | D:3      | Reached XP level 6. HP: 49/61 MP: 5/5
  2216 | D:4      | Reached skill level 1 in Throwing
  2216 | D:4      | Reached skill level 4 in Dodging
  2216 | D:4      | Reached XP level 7. HP: 18/68 MP: 6/6
  3278 | D:5      | Entered Level 5 of the Dungeon
  3322 | D:5      | Found a transporter.
  3411 | D:5      | Found an ancient bone altar of Kikubaaqudgha.
  3413 | D:5      | Found a blossoming altar of Fedhas.
  3682 | D:5      | Reached XP level 8. HP: 78/78 MP: 7/7
  3794 | D:5      | Found a transporter.
  4149 | D:5      | Reached skill level 5 in Dodging
  4411 | D:6      | Found an opulent altar of Gozag.
  4619 | D:6      | Found a staircase to the Ecumenical Temple.
  4630 | Temple   | Entered the Ecumenical Temple
  4674 | Temple   | Became a worshipper of the Wu Jian Council
  4674 | Temple   | Reached * piety under Wu Jian
  4674 | Temple   | Reached ** piety under Wu Jian
  5183 | D:6      | Found a glowing golden altar of the Shining One.
  5344 | D:7      | Reached skill level 6 in Dodging
  5504 | D:7      | Reached XP level 9. HP: 55/85 MP: 8/8
  5770 | D:7      | Reached skill level 7 in Dodging
  5778 | D:7      | Reached *** piety under Wu Jian
  5796 | D:7      | Noticed Prince Ribbit
  5802 | D:7      | Killed Prince Ribbit
  6119 | D:7      | Reached skill level 5 in Throwing
  6284 | D:8      | Reached skill level 8 in Dodging
  6719 | D:8      | Reached XP level 10. HP: 25/94 MP: 9/9
  6791 | D:8      | Reached skill level 9 in Dodging
  6826 | D:8      | Noticed Joseph
  6846 | D:8      | Killed Joseph
  7323 | D:9      | Reached **** piety under Wu Jian
  7611 | D:10     | Entered Level 10 of the Dungeon
  7611 | D:10     | Noticed Erica
  7634 | D:9      | Slain by Erica

Skill      XL: |  1  2  3  4  5  6  7  8  9 10 |
---------------+-------------------------------+-----
Unarmed Combat | 4 5 6 7 |  7.2
Fighting       | 3 4 |  4.4
Dodging        | 3 4 6 8 9 |  9.8
Throwing       | 1 2 4 6 |  6.9
Stealth        | |  1.0

Action                   |  1- 3 |  4- 6 |  7- 9 | 10-12 || total
-------------------------+-------+-------+-------+-------++-------
Melee: Unarmed           |    67 |   210 |   412 |   100 ||   789
       Punch             |       |     8 |    15 |     2 ||    25
Invok: Whirlwind         |       |       |    46 |     9 ||    55
       Lunge             |       |       |    31 |    14 ||    45
       Wall Jump         |       |       |     4 |       ||     4
       Serpent's Lash    |       |       |     1 |     1 ||     2
 Abil: Wall Jump         |       |       |     4 |     1 ||     5
Evoke: Wand              |       |       |     1 |     5 ||     6
  Use: Scroll            |       |     2 |     9 |     2 ||    13
       Potion            |       |       |     5 |     8 ||    13
 Stab: Sleeping          |     1 |     5 |     6 |     2 ||    14
       Distracted        |       |     1 |       |       ||     1
       Paralysed         |       |       |       |     6 ||     6
  Eat: Chunk             |    13 |    13 |    35 |     8 ||    69
       Ration            |       |       |     2 |       ||     2
Armor: Robe              |    26 |    68 |    72 |    12 ||   178
Dodge: Dodged            |    52 |   100 |   238 |    67 ||   457
